 Dungeon Crawl Stone Soup version 0.18.1-50-g88ac8fd (webtiles) character file.

988 WhiskeyPanda the Chopper (level 7, -7/58 HPs)
             Began as a Minotaur Gladiator on Sept 26, 2016.
             Was an Initiate of Fedhas.
             Killed from afar by an orc wizard (21 damage)
             ... with an exploding inner flame
             ... hexed by the player character
             ... on level 6 of the Dungeon.
             The game lasted 00:39:59 (5035 turns).

WhiskeyPanda the Chopper (Minotaur Gladiator)       Turns: 5035, Time: 00:40:00

Health: -7/58      AC: 11    Str: 21    XL:     7   Next: 97%
Magic:  4/6        EV: 13    Int:  5    God:    Fedhas [......]
Gold:   217        SH:  4    Dex: 11    Spells: 1 memorised, 6 levels left

rFire  + . .     SeeInvis +     n - +3 hand axe (elec)
rCold  + . .     Gourm    .     t - +0 ring mail
rNeg   . . .     Faith    .     j - +0 buckler
rPois  +         Spirit   .     c - +0 hat
rElec  +         Dismiss  .     (no cloak)
rCorr  +         Reflect  .     (no gloves)
SustAt .         Harm     .     g - +0 pair of boots
MR     .....                    (no amulet)
Stlth  +.........               m - ring of see invisible
                                k - +5 ring of protection

@: resistant, not resistant to hostile enchantments, very unstealthy
A: retaliatory headbutt, horns 2
a: Renounce Religion


You were on level 6 of the Dungeon.
You worshipped Fedhas.
Fedhas was noncommittal.
You were not hungry.

You visited 1 branch of the dungeon, and saw 6 of its levels.

You collected 217 gold pieces.

Inventory:

Hand Weapons
 n - a +3 hand axe of electrocution (weapon)
Missiles
 d - 4 throwing nets (quivered)
Armour
 c - a +0 hat (worn)
 g - a +0 pair of boots (worn)
 j - a +0 buckler (worn)
 t - a +0 ring mail (worn)
Jewellery
 k - a +5 ring of protection (left hand)
 m - a ring of see invisible (right hand)
Scrolls
 a - 3 scrolls of identify
 i - 2 scrolls of remove curse
 l - a scroll of magic mapping
 r - a scroll of random uselessness {unknown}
 u - a scroll of recharging {unknown}
 v - a scroll of amnesia {unknown}
 x - a scroll of enchant armour {unknown}
Potions
 e - 2 potions of degeneration
Books
 p - a book of Spatial Translocations

   Spells                             Type                      Level
   a - Apportation                    Translocation                1
   b - Blink                          Translocation                2
   c - Shroud of Golubria             Charms/Translocation         2
   d - Portal Projectile              Translocation                3
   e - Teleport Other                 Translocation                3
   f - Passage of Golubria            Translocation                4
Comestibles
 h - 2 meat rations
 q - 6 fruits
 s - a slice of pizza
 w - 2 bread rations


   Skills:
 + Level 3.8 Fighting
 + Level 6.1 Axes
 + Level 4.1 Throwing
 + Level 3.6 Armour
 + Level 5.8 Dodging
 + Level 1.8 Stealth
 + Level 2.8 Shields
 + Level 0.5 Spellcasting
 + Level 0.4 Translocations


You had 6 spell levels left.
You knew the following spells:

 Your Spells              Type           Power        Failure   Level  Hunger
a - Apportation           Tloc           #.........   80%         1    ##.....


Dungeon Overview and Level Annotations

Branches:
Dungeon (6/15)
 Temple: D:4-7

Altars:
Ashenzari
Cheibriados
Dithmenos
Fedhas
Gozag
Kikubaaqudgha
Makhleb
Ru
Trog
Xom
The Shining One


Innate Abilities, Weirdness & Mutations

You reflexively headbutt those who attack you in melee.
You have a pair of horns on your head.


Message History

Your wandering mushroom releases spores at the orc!
The orc dies!
The orc wizard hits you but does no damage.
Read which item? (? for menu, Esc to quit)
As you read the scroll labeled EMYWYT RUEFATI, it crumbles to dust.
The creatures around you are filled with an inner flame!
It was a scroll of immolation.
The orc wizard misses you.
Your wandering mushroom completely misses the orc wizard.
You closely miss the orc wizard.
The orc wizard is moderately wounded.
The orc wizard barely misses you.
Your wandering mushroom closely misses the orc wizard.
The orc wizard gestures at you while chanting.
The magic dart hits you!
You slash the orc wizard!
The orc wizard explodes!
Fedhas protects a plant from harm. x3
The fiery explosion engulfs you! You resist.
You die...
Fedhas appreciates your contribution to the ecosystem.

..
..$...............#
....................#
..............).....#
..............[.....#
(.....[.............#
......#..........>..#
......#§)(.(........#
#
.....)§(P((....######
# ......fP@(....## #
%...!..P..##..#
..........##..#
....$......#....
...........#.####
#####..(...#.#
#....#.# #.##.#.# ..
..#.#


You could see a friendly wandering mushroom (inner flame).

Vanquished Creatures
  Sigmund (D:4)
  A wyvern (D:6)
  A centaur (D:6)
  A giant frog (D:6)
  2 crimson imps (D:5)
  2 hounds
  A centaur skeleton (D:5)
  An iron imp (D:5)
  An orc wizard (D:5)
  An orc priest (D:6)
  A worker ant (D:5)
  Robin (D:2)
  10 gnolls
  4 adders
  4 oozes
  A worm (D:5)
  A dart slug (D:4)
  2 giant geckos
  7 orcs
  2 ball pythons
  12 bats
  4 giant cockroaches
  15 goblins
  10 hobgoblins
  2 jackals (D:4)
  2 quokkas
  5 giant newts
  2 goblin zombies (D:5)
  2 hobgoblin zombies (D:5)
  7 kobolds
  A kobold skeleton (D:5)
  4 orc skeletons (D:5)
  An orc zombie (D:5)
  5 rats
117 creatures vanquished.

Vanquished Creatures (collateral kills)
  An orc (D:6)
1 creature vanquished.

Vanquished Creatures (others)
  31 toadstools
31 creatures vanquished.

Grand Total: 149 creatures vanquished

Notes
Turn   | Place    | Note
--------------------------------------------------------------
     0 | D:1      | WhiskeyPanda the Minotaur Gladiator began the quest for the Orb.
     0 | D:1      | Reached XP level 1. HP: 18/18 MP: 0/0
   333 | D:1      | Reached XP level 2. HP: 21/25 MP: 1/1
   829 | D:2      | Reached skill level 4 in Axes
   829 | D:2      | Reached XP level 3. HP: 30/30 MP: 2/2
   931 | D:2      | Found a sacrificial altar of Ru.
  1033 | D:2      | Reached XP level 4. HP: 38/38 MP: 3/3
  1107 | D:2      | Found an ancient bone altar of Kikubaaqudgha.
  1114 | D:2      | Noticed Robin
  1129 | D:2      | Reached skill level 1 in Armour
  1146 | D:2      | Killed Robin
  1820 | D:3      | Found a shattered altar of Ashenzari.
  2018 | D:3      | Found a bloodstained altar of Trog.
  2024 | D:3      | Reached XP level 5. HP: 43/45 MP: 4/4
  2309 | D:3      | Learned a level 1 spell: Apportation
  2764 | D:4      | Noticed Sigmund
  2782 | D:4      | Killed Sigmund
  2782 | D:4      | Reached skill level 5 in Axes
  2782 | D:4      | Reached skill level 1 in Stealth
  2782 | D:4      | Reached skill level 1 in Shields
  2782 | D:4      | Reached XP level 6. HP: 49/51 MP: 5/5
  3451 | D:4      | Found a blossoming altar of Fedhas.
  3474 | D:4      | Became a worshipper of Fedhas Madash
  3701 | D:5      | Entered Level 5 of the Dungeon
  3733 | D:5      | Reached skill level 5 in Dodging
  3768 | D:5      | Found an opulent altar of Gozag.
  3842 | D:5      | Reached XP level 7. HP: 57/57 MP: 6/6
  3871 | D:5      | Reached * piety under Fedhas
  3973 | D:5      | Found a glowing golden altar of the Shining One.
  4163 | D:5      | Found a blossoming altar of Fedhas.
  4242 | D:5      | Found a shadowy altar of Dithmenos.
  4242 | D:5      | Found a shimmering altar of Xom.
  4414 | D:5      | Found a snail-covered altar of Cheibriados.
  4705 | D:6      | Noticed a wyvern
  4711 | D:6      | Killed a wyvern
  4878 | D:6      | Found a burning altar of Makhleb.
  5017 | D:6      | Reached skill level 6 in Axes
  5035 | D:6      | Killed from afar by an orc wizard

Skill      XL: |  1  2  3  4  5  6  7 |
---------------+----------------------+-----
Axes           | 4 5 6 |  6.1
Fighting       | 3 |  3.8
Dodging        | 4 5 |  5.8
Armour         | 1 2 3 |  3.6
Throwing       | 3 4 |  4.1
Stealth        | 1 |  1.8
Shields        | 1 2 |  2.8
Spellcasting   | |  0.5
Translocations | |  0.4

Action                   |  1- 3 |  4- 6 |  7- 9 || total
-------------------------+-------+-------+-------++-------
Melee: War axe           |    46 |       |       ||    46
       Headbutt          |     7 |    16 |     9 ||    32
       Hand axe          |     9 |   110 |    56 ||   175
Throw: Tomahawk          |    17 |    26 |     4 ||    47
       Throwing net      |       |    10 |       ||    10
Invok: Evolution         |       |       |     1 ||     1
  Use: Scroll            |     3 |     6 |     2 ||    11
       Potion            |       |     4 |     1 ||     5
 Stab: Paralysed         |     1 |       |       ||     1
       Held in net/web   |       |     1 |       ||     1
  Eat: Bread ration      |       |     2 |       ||     2
       Beef jerky        |       |       |     2 ||     2
       Meat ration       |       |       |     1 ||     1
Armor: Leather armour    |    20 |    29 |       ||    49
       Ring mail         |       |    15 |    18 ||    33
Dodge: Dodged            |    35 |    74 |    33 ||   142
Block: Buckler           |     9 |    25 |    11 ||    45
